 Dungeon Crawl Stone Soup version 0.26.1-11-gd32895ea62 (webtiles) character file.

Game seed: 9248631164183465141

83359 Tirrikindir the Fencer (level 15, 0/135 HPs)
             Began as a Minotaur Berserker on June 16, 2021.
             Was the Champion of Trog.
             Slain by a death yak (10 damage)
             ... on level 6 of the Lair of Beasts.
             The game lasted 01:00:53 (22694 turns).

Tirrikindir the Fencer (Minotaur Berserker)        Turns: 22694, Time: 01:00:53

Health: 0/135      AC: 21    Str: 27    XL:     15   Next: 32%
Magic:  0/14       EV: 12    Int:  7    God:    Trog [******]
Gold:   1632       SH:  0    Dex: 11    Spells: 14/14 levels left

rFire    . . .     SeeInvis +   v - +9 triple sword of Untruth {vamp, +Blink Int+4}
rCold    + . .     Faith    .   (shield currently unavailable)
rNeg     . . .     Spirit   +   r - +0 plate armour
rPois    .         Reflect  .   (helmet restricted)
rElec    +         Harm     .   u - +1 cloak
rCorr    .         Rampage  .   y - +0 pair of gloves
Will     +++..                  (no boots)
Stlth    ..........             h - amulet of guardian spirit
HPRegen  0.32/turn              a - ring of see invisible
MPRegen  0.14/turn              O - ring of the Shining Light {rElec rC+ Will+ Int-3 Slay+4}

@: lethally poisoned (0 -> 0), berserk cooldown, slowed, very slow
A: retaliatory headbutt, hooves 1, horns 2, clever 1, strong-willed 1
a: Renounce Religion, Evoke Blink, Berserk, Trog's Hand, Brothers in Arms


You were on level 6 of the Lair of Beasts.
You worshipped Trog.
Trog was exalted by your worship.
You visited 3 branches of the dungeon, and saw 22 of its levels.
You also visited: Sewer.

You collected 1632 gold pieces.

Inventory:

Hand Weapons
 v - the +9 triple sword of Untruth (weapon) {vamp, +Blink Int+4}
   (You acquired it on level 9 of the Dungeon)

   It inflicts no extra harm, but heals its wielder when it wounds a living foe.
   It affects your intelligence (+4).
   It lets you blink.
 J - a +4 triple sword of flaming
Missiles
 i - 26 boomerangs (quivered)
Armour
 c - a +1 hat
 r - a +0 plate armour (worn)
 u - a +1 cloak (worn)
 y - a +0 pair of gloves (worn)
Jewellery
 a - a ring of see invisible (left hand)
 h - an amulet of guardian spirit (around neck)
 w - an uncursed ring of protection from fire
 x - an uncursed ring of poison resistance
 A - an uncursed amulet of reflection
 D - an uncursed ring of protection from cold
 I - an uncursed ring of positive energy
 L - an uncursed ring of flight
 O - the ring of the Shining Light (right hand) {rElec rC+ Will+ Int-3 Slay+4}
   (You acquired it on level 4 of the Lair of Beasts)

   [ring of willpower]

   It affects your intelligence (-3).
   It affects your accuracy and damage with ranged weapons and melee attacks
   (+4).
   It protects you from cold.
   It insulates you from electricity.
   It affects your willpower, your defense against some magical effects.
Wands
 b - a wand of flame (19)
 o - a wand of polymorph (9)
 p - a wand of acid (27)
 s - a wand of digging (16)
 t - a wand of iceblast (10)
 B - a wand of paralysis (7)
 G - a wand of enslavement (18)
 N - a wand of disintegration (16)
Scrolls
 g - 13 scrolls of remove curse
 j - 12 scrolls of teleportation
 k - 5 scrolls of immolation
 n - 6 scrolls of fear
 C - 5 scrolls of blinking
 E - a scroll of silence {unknown}
 F - 3 scrolls of magic mapping
 H - 3 scrolls of fog
 K - 4 scrolls of enchant weapon
 S - a scroll of vulnerability {unknown}
Potions
 d - 2 potions of might
 e - 2 potions of resistance
 f - 9 potions of curing
 l - 6 potions of heal wounds
 m - 8 potions of haste
 q - a potion of flight
 z - a potion of ambrosia
 P - a potion of mutation
 Q - 3 potions of cancellation
 R - a potion of invisibility {unknown}


   Skills:
 * Level 13.0 Fighting
 + Level 18.7 Long Blades
 + Level 15.0 Armour
 + Level 10.6 Dodging
 + Level 10.4 Evocations


You had 14 spell levels left.
You didn't know any spells.
Your spell library was empty.

Dungeon Overview and Level Annotations

Branches:
Dungeon (15/15)            Temple (1/1) D:6            Lair (6/6) D:8
 Shoals (0/4) Lair:4        Snake (0/4) Lair:2          Orc (0/2) D:10
 Vaults (0/5) D:14         Depths (0/5) D:15          Sewer (visited)
  Slime: Lair:5-6

Altars:
Ashenzari
Cheibriados
Dithmenos
Elyvilon
Fedhas
Gozag
Hepliaklqana
Kikubaaqudgha
Makhleb
Nemelex Xobeh
Okawaru
Qazlal
Ru
Sif Muna
Trog
Uskayaw
Vehumet
Wu Jian
Xom
Yredelemnul
Zin
The Shining One

Shops:
D:15 :

Portals:
Trove: D:14 (give 5 scrolls of fog)


Innate Abilities, Weirdness & Mutations

You reflexively headbutt those who attack you in melee.
You have a pair of horns on your head.
You have large cloven feet.
Your mind is acute. (Int +2)
You are strong-willed. (Will+)


Message History

The death yak gores you!
* * * LOW HITPOINT WARNING * * *
Your Fighting skill increases to level 13!
You slice the death yak like a ripe choko!!!
You kill the death yak!
Trog accepts your kill. Something appears at your feet!
Trog grants you a weapon!
You feel sick. The death yak gores you.
* * * LOW HITPOINT WARNING * * *
The death yak barely misses you.
You barely miss the death yak. You kick the death yak.
The death yak is lightly wounded.
You feel sick. The death yak gores you!!
* * * LOW HITPOINT WARNING * * *
The death yak completely misses you. You furiously retaliate!
You headbutt the death yak, but do no damage.
The death yak gores you but does no damage.
The death yak gores you!
You die...

.#...##≈≈..≈≈.#≈
#...≈.#≈≈##≈≈#.≈
#≈≈≈≈≈≈≈≈≈≈≈≈≈
#≈≈≈≈≈≈##≈≈≈.≈
##≈##≈≈#≈≈≈P≈≈
#.P##≈≈#≈≈≈≈≈≈ ##
#lSY≈≈≈#8≈≈≈≈≈
#..##.##
##YY≈≈≈#######
#....@# #Y#††≈#
#...YY# #PY##≈≈#
#...... #Y≈≈≈≈≈#
#.#....Y...≈≈≈≈.≈
#
##.......##≈≈.≈≈
##......##≈#.≈≈≈P
#[.....≈≈≈≈#≈≈≈Y
##....≈≈ ≈≈#≈≈≈P


You could see 3 death yaks.

Vanquished Creatures
  Frances (D:13)
  Kirke (Lair:4)
  A frost giant (D:11)
  A very ugly thing (D:11)
  The ghost of nothank2 the Carver, a journeyman GrFi of Hepliaklqana (D:14)
  An ettin (D:11)
  The ghost of Eryximachus the Geomancer, a journeyman OpEE of Gozag (Lair:2)
  A vault guard (D:14)
  2 hydras
  A rakshasa (D:15)
  3 centaur warriors
  4 catoblepae
  4 two-headed ogres
  A dancing weapon (Lair:2)
  2 boulder beetles
  A death knight (D:15)
  The ghost of Zeld the Cruncher, a journeyman OpGl of Wu Jian (D:11)
  2 death yaks (Lair:6)
  The ghost of phalm the Destroyer, a novice GnCj of Ashenzari (D:9)
  Sonja (Lair:5)
  A deep elf knight (D:14)
  An unseen horror (D:12)
  2 wizards (D:14)
  A lindwurm (Lair:6)
  An orc knight (D:14)
  A lindwurm (shapeshifter) (D:15)
  9 ugly things
  4 cyclopes
  2 manticores
  3 deep elf magi (D:14)
  4 centaur zombies
  6 elephants (Lair:6)
  4 black mambas
  4 merfolk sirens (Lair:4)
  A torpor snail (Lair:2)
  A gargoyle (D:12)
  16 cane toads
  3 rime drakes
  4 kobold demonologists
  3 efreet
  A komodo dragon (shapeshifter) (D:9)
  4 yaktaurs (D:14)
  8 komodo dragons
  2 wind drakes (Lair:6)
  3 polar bears (Lair:6)
  A queen bee (D:11)
  3 hornets (Lair:6)
  A troll (D:12)
  21 slime creatures
  Grinder (D:3)
  4 blink frogs (Lair:2)
  4 wraiths
  Sigmund (D:3)
  40 yaks
  7 wyverns
  3 basilisks
  A human (Lair:4)
  Eustachio (D:5)
  A golden eye (shapeshifter) (D:15)
  2 basilisks (shapeshifter)
  3 hogs (Lair:4)
  4 vampire mosquitoes (D:15)
  2 acid dragons
  11 water moccasins
  2 nagas (Lair:2)
  2 soldier ants
  5 sky beasts
  8 orc warriors
  6 ice beasts
  3 black bears
  2 eyes of draining
  5 phantoms
  6 ogres
  24 wolves
  14 centaurs
  4 boggarts (D:15)
  25 bullfrogs
  7 big kobolds
  A gnoll sergeant (D:8)
  A wyvern zombie (D:6)
  A water moccasin zombie (D:11)
  2 hornet simulacra (D:14)
  A water moccasin skeleton (D:5)
  4 scorpions
  19 killer bees
  19 wights
  7 howler monkeys
  A crimson imp (D:4)
  An electric eel (Lair:2)
  A lava snake (D:13)
  4 bullfrog zombies
  6 jellies
  A quasit (D:12)
  12 orc priests
  11 hounds
  2 centaur skeletons (D:11)
  Crazy Yiuf (D:6)
  4 bullfrog skeletons
  5 iguanas
  22 orc wizards
  9 worker ants
  7 hell rats (Lair:6)
  A hound zombie (D:5)
  2 hound skeletons
  12 adders
  4 gnolls (D:8)
  3 worker ant zombies
  2 howler monkey skeletons
  2 river rats (Sewer)
  3 shadow imps
  4 white imps
  2 ufetubi
  An ooze (D:2)
  2 adder skeletons
  5 worms
  3 dart slugs
  11 leopard geckos
  54 orcs
  4 ball pythons
  8 giant cockroaches
  7 goblins
  4 hobgoblins
  13 jackals
  19 kobolds
  6 quokkas
  5 bats
  11 frilled lizards
  A giant cockroach zombie (D:5)
  A goblin skeleton (D:6)
  A goblin zombie (D:6)
  3 hobgoblin zombies (D:6)
  3 orc skeletons (D:6)
  3 quokka skeletons
  9 rats
  A bush (Lair:1)
  2 fire vortices (D:13)
698 creatures vanquished.

Vanquished Creatures (others)
  47 fungi
  210 plants
257 creatures vanquished.

Grand Total: 955 creatures vanquished

Notes
Turn   | Place    | Note
-------+----------+-------------------------------------------
     0 | D:1      | Tirrikindir the Minotaur Berserker began the quest for the
                  | Orb.
     0 | D:1      | Reached XP level 1. HP: 19/19 MP: 0/0
   207 | D:1      | Reached XP level 2. HP: 27/27 MP: 1/1
   226 | D:1      | Reached skill level 4 in Long Blades
   817 | D:2      | Found an opulent altar of Gozag.
   823 | D:2      | Found a snail-covered altar of Cheibriados.
   825 | D:2      | Found a hazy altar of Hepliaklqana.
   826 | D:2      | Found a glowing golden altar of the Shining One.
   843 | D:2      | Reached XP level 3. HP: 25/33 MP: 2/2
  1175 | D:2      | Reached ** piety under Trog
  1239 | D:2      | Reached XP level 4. HP: 34/40 MP: 3/3
  1791 | D:3      | Reached skill level 5 in Long Blades
  2186 | D:3      | Reached XP level 5. HP: 46/46 MP: 4/4
  2202 | D:3      | Reached *** piety under Trog
  2209 | D:3      | Reached skill level 6 in Long Blades
  2416 | D:3      | Reached XP level 6. HP: 52/52 MP: 5/5
  2485 | D:3      | Noticed Grinder
  2490 | D:3      | Paralysed by Grinder for 6 turns
  2503 | D:3      | Killed Grinder
  2504 | D:3      | Reached skill level 7 in Long Blades
  2750 | D:3      | Found a bloodstained altar of Trog.
  2984 | D:3      | Noticed an orc warrior
  2988 | D:3      | Reached skill level 5 in Armour
  2988 | D:3      | Reached XP level 7. HP: 59/59 MP: 6/6
  2995 | D:3      | Reached skill level 8 in Long Blades
  3150 | D:3      | Noticed Sigmund
  3167 | D:3      | Killed Sigmund
  3386 | D:4      | Reached XP level 8. HP: 59/67 MP: 4/7
  3391 | D:4      | Found a glowing drain.
  3396 | D:4      | Reached **** piety under Trog
  3399 | D:4      | Reached skill level 5 in Dodging
  3412 | Sewer    | Entered a sewer
  4323 | D:5      | Entered Level 5 of the Dungeon
  4333 | D:5      | Noticed Eustachio
  4360 | D:5      | Killed Eustachio
  4361 | D:5      | Reached skill level 5 in Fighting
  4361 | D:5      | Reached skill level 9 in Long Blades
  5479 | D:6      | Found a runed translucent door.
  5480 | D:6      | Noticed Crazy Yiuf
  5486 | D:6      | Killed Crazy Yiuf
  5487 | D:6      | Reached XP level 9. HP: 70/74 MP: 8/8
  5564 | D:6      | Found a glowing golden altar of the Shining One.
  5572 | D:6      | Reached ***** piety under Trog
  5610 | D:6      | Found a staircase to the Ecumenical Temple.
  5621 | Temple   | Entered the Ecumenical Temple
  5983 | D:6      | Reached skill level 1 in Evocations
  6198 | D:6      | Reached skill level 10 in Long Blades
  6527 | D:7      | Found a blossoming altar of Fedhas.
  6631 | D:7      | Received a gift from Trog
  7395 | D:8      | Killed a very large slime creature
  7396 | D:8      | Reached skill level 11 in Long Blades
  7396 | D:8      | Reached XP level 10. HP: 84/84 MP: 1/9
  7450 | D:8      | Identified the +2 spear of Selos {venom, rElec rF+}
  7620 | D:8      | Found a staircase to the Lair.
  7682 | D:8      | Found an iron altar of Okawaru.
  8026 | D:8      | Found a hide-covered altar of Uskayaw.
  8409 | D:9      | Identified a scroll of acquirement
  8410 | D:9      | Acquired the +9 triple sword of Untruth {vamp, +Blink
                  | Int+4}
  8503 | D:9      | Found a runed translucent door.
  8507 | D:9      | Noticed phalm's ghost (novice GnCj)
  8517 | D:9      | Killed phalm's ghost
  8518 | D:9      | Reached skill level 10 in Armour
  8730 | D:9      | Noticed a two-headed ogre
  8735 | D:9      | Killed a two-headed ogre
  8801 | D:9      | Reached skill level 12 in Long Blades
  8936 | D:9      | Gained mutation: You are weak. (Str -2) [potion of
                  | mutation]
  8936 | D:9      | Gained mutation: Your spells are a little harder to cast,
                  | but a little more powerful. [potion of mutation]
  8936 | D:9      | Gained mutation: You have large cloven feet. [potion of
                  | mutation]
  9262 | D:10     | Entered Level 10 of the Dungeon
  9268 | D:10     | Reached XP level 11. HP: 94/94 MP: 10/10
  9386 | D:10     | Found a staircase to the Orcish Mines.
 10170 | D:11     | Found a runed translucent door.
 10171 | D:11     | Noticed a brown ugly thing
 10172 | D:11     | Noticed a brown very ugly thing
 10173 | D:11     | Found a runed translucent door.
 10173 | D:11     | Found a runed translucent door.
 10173 | D:11     | Noticed a frost giant
 10173 | D:11     | Noticed an ettin
 10185 | D:11     | Found a runed translucent gate.
 10185 | D:11     | Found a runed translucent gate.
 10185 | D:11     | Found a runed translucent gate.
 10186 | D:11     | Noticed Zeld's ghost (journeyman OpGl)
 10350 | D:11     | You fall into a shaft and drop 1 floor!
 10380 | D:12     | Found a white marble altar of Elyvilon.
 10493 | D:11     | Noticed a two-headed ogre
 10499 | D:11     | Killed a two-headed ogre
 10634 | D:11     | Reached ****** piety under Trog
 11045 | D:11     | Killed Zeld's ghost
 11046 | D:11     | Reached skill level 13 in Long Blades
 11094 | D:11     | Killed a brown very ugly thing
 11095 | D:11     | Reached skill level 5 in Evocations
 11096 | D:11     | Noticed a catoblepas
 11098 | D:11     | Killed a brown ugly thing
 11102 | D:11     | Killed an ettin
 11102 | D:11     | Received a gift from Trog
 11106 | D:11     | Killed a frost giant
 11107 | D:11     | Reached XP level 12. HP: 104/104 MP: 6/11
 11159 | D:11     | Killed a catoblepas
 11177 | D:11     | Reached skill level 14 in Long Blades
 12122 | D:13     | Noticed a two-headed ogre
 12129 | D:13     | Killed a two-headed ogre
 12130 | D:13     | Reached skill level 10 in Fighting
 12142 | D:13     | Noticed Frances
 12151 | D:13     | Killed Frances
 12245 | D:13     | Noticed a two-headed ogre
 12251 | D:13     | Killed a two-headed ogre
 12252 | D:13     | Reached skill level 15 in Long Blades
 12252 | D:13     | Received a gift from Trog
 12674 | D:13     | Reached XP level 13. HP: 109/113 MP: 8/12
 12992 | D:13     | Found a burning altar of Makhleb.
 12992 | D:13     | Noticed a cacodemon
 13207 | Lair:1   | Entered Level 1 of the Lair of Beasts
 13521 | Lair:1   | Lost mutation: You are weak. (Str -2) [potion of mutation]
 13521 | Lair:1   | Lost mutation: Your spells are a little harder to cast, but
                  | a little more powerful. [potion of mutation]
 13521 | Lair:1   | Gained mutation: You are strong-willed. (Will+) [potion of
                  | mutation]
 13521 | Lair:1   | Gained mutation: Your mind is acute. (Int +2) [potion of
                  | mutation]
 14728 | Lair:2   | Reached skill level 16 in Long Blades
 14789 | Lair:2   | Found a runed translucent door.
 14790 | Lair:2   | Found a shimmering altar of Xom.
 14790 | Lair:2   | Noticed Eryximachus's ghost (journeyman OpEE)
 14809 | Lair:2   | Killed Eryximachus's ghost
 14959 | Lair:2   | Found a staircase to the Snake Pit.
 15686 | Lair:3   | Received a gift from Trog
 15698 | Lair:3   | Reached skill level 17 in Long Blades
 16503 | Lair:4   | Noticed Kirke
 16513 | Lair:4   | Noticed a sphinx
 16514 | Lair:4   | Killed Kirke
 16658 | Lair:4   | Acquired the ring of the Shining Light {rElec rC+ Will+
                  | Int-3 Slay+4}
 16666 | Lair:4   | You fall into a shaft and drop 2 floors!
 16666 | Lair:6   | Entered Level 6 of the Lair of Beasts
 16726 | Lair:5   | Noticed Sonja
 16731 | Lair:5   | Killed Sonja
 16744 | Lair:5   | Reached XP level 14. HP: 95/121 MP: 9/13
 16863 | Lair:4   | Reached skill level 18 in Long Blades
 17199 | Lair:4   | Received a gift from Trog
 17314 | Lair:4   | Found a staircase to the Shoals.
 19397 | D:14     | Found a runed translucent gate.
 19400 | D:14     | Found a runed translucent gate.
 19400 | D:14     | Found a runed translucent gate.
 19402 | D:14     | Noticed nothank2's ghost (journeyman GrFi)
 19411 | D:14     | Killed nothank2's ghost
 20295 | D:14     | Found a gate to the Vaults.
 20362 | D:14     | Received a gift from Trog
 20514 | D:14     | Reached skill level 10 in Evocations
 20517 | D:14     | Found a portal to a secret trove of treasure.
 20562 | D:14     | Reached skill level 10 in Dodging
 20882 | D:15     | Entered Level 15 of the Dungeon
 21542 | D:15     | Reached XP level 15. HP: 134/134 MP: 14/14
 21806 | D:15     | Found Veffuh's Book Boutique.
 22041 | D:15     | Found a staircase to the Depths.
 22666 | Lair:6   | Reached skill level 15 in Armour
 22693 | Lair:6   | Received a gift from Trog
 22694 | Lair:6   | Slain by a death yak

Illustrated notes

Levels and vault maps discovered:
D:1:      psy_arrival_basics, layout_loops_ring
D:2:      layout_rooms, grunt_temple_overflow_open, serial_bayou_crossing
D:3:      layout_basic, bloody_trog, uniq_sigmund, uniq_grinder
D:4:      layout_cave_pools, portal_sewer_entry_f, minmay_fire_ice_demons
D:5:      layout_basic, grunt_decor_junction, uniq_eustachio
D:6:      layout_basic, minmay_temple_entry_waves, nicolae_tso_besieged_by_evil,
          uniq_crazy_yiuf_cottage
D:7:      layout_gridville, fedhas_bush_and_centaur_altar
D:8:      layout_rooms, nicolae_overflow_hidden_temple, lair_entry_dummy,
          palyth_stone_intersect, okawaru_ov_weapons_minmay
D:9:      layout_loops_ring, ebering_ghost_inner_flame
D:10:     layout_basic, orc_0_dummy
D:11:     minmay_the_grid_four_pointed_star_mashed
          [minmay_the_grid_triangle_9x9_pentomino_pain,
          minmay_the_grid_triangle_9x9_fully_insulated_deathbox,
          minmay_the_grid_triangle_9x9_from_above,
          minmay_the_grid_triangle_9x9_thin_v,
          minmay_the_grid_prize_four_corners_diamond_b], layout_basic,
          ebering_ghost_rock_garden, special_room [special_room_bee]
D:12:     layout_basic, minivault_26, elyvilon_altar_5
D:13:     layout_loops_ring, minivault_25, kennysheep_big_empty_room,
          makhleb_altar_promises_db, uniq_frances
D:14:     layout_loops_ring, hangedman_vaults_entry_quadrant_bands,
          enter_trove_5, ebering_ghost_rock_garden
D:15:     gammafunk_enter_depths_forms, layout_irregular_city, serial_shops,
          shop_statue, roderic_lattice_a
Temple:   regret_index_temple_waves
Lair:1:   wad_woods_pond, layout_regular_city, serial_forest,
          infiniplex_forest_end_3, infiniplex_forest_lined_room_,
          infiniplex_forest_straight_3, infiniplex_forest_clump_large,
          infiniplex_forest_clump_diagonal, infiniplex_forest_clump_small,
          infiniplex_forest_split, st_stairs_12, beast_lair_carwin_1
Lair:2:   layout_roguey, guppyfry_snake_entry_garden, ebering_ghost_xom,
          serial_bayou_shore_b, serial_bayou_shore_a
Lair:3:   layout_loops_ring, grunt_megastairs_2
Lair:4:   layout_cave_pods, elwin_shoals_entry_stream, uniq_kirke
Lair:5:   layout_regular_city, serial_bayou_shore_b, uniq_sonja
Lair:6:   gammafunk_lair_ancient_temple, layout_cave_pods,
          minmay_slime_entry_oklob_open

Skill      XL: |  1  2  3  4  5  6  7  8  9 10 11 12 13 14 15 |
---------------+----------------------------------------------+-----
Long Blades    | 4 5 6 7 8 9 11 12 13 15 17 18 | 18.7
Fighting       | 4 5 6 7 9 10 12 13 | 13.0
Armour         | 3 4 5 7 9 10 12 14 15 | 15.0
Dodging        | 3 4 6 8 9 10 | 10.6
Evocations     | 2 3 5 6 9 10 | 10.4

Action                   |  1- 3 |  4- 6 |  7- 9 | 10-12 | 13-15 || total
-------------------------+-------+-------+-------+-------+-------++-------
Melee: Falchion          |    52 |    53 |       |       |       ||   105
       Headbutt          |    12 |    17 |    74 |    83 |   292 ||   478
       Long sword        |       |    58 |   282 |       |       ||   340
       Unarmed           |       |       |     1 |       |       ||     1
       Great sword       |       |       |    56 |    63 |       ||   119
       Triple sword      |       |       |       |   348 |   835 ||  1183
       Kick              |       |       |       |   106 |   422 ||   528
Throw: Boomerang         |       |       |     2 |    10 |    11 ||    23
Invok: Berserk           |     1 |     4 |    12 |    10 |     8 ||    35
  Use: Scroll            |     3 |     1 |    10 |    10 |     5 ||    29
       Potion            |       |       |       |     1 |     1 ||     2
Armor: Animal skin       |     8 |     3 |       |       |       ||    11
       Ring mail         |       |    23 |     1 |       |       ||    24
       Chain mail        |       |       |    35 |       |       ||    35
       Plate armour      |       |       |   163 |   286 |   388 ||   837
Dodge: Dodged            |    42 |    83 |   195 |   271 |   384 ||   975
       Rpst.: Falchion   |    11 |     5 |       |       |       ||    16
       Long sword        |       |     9 |    36 |       |       ||    45
       Great sword       |       |       |     6 |     7 |       ||    13
       Triple sword      |       |       |       |    60 |   105 ||   165
